 Dungeon Crawl Stone Soup version 0.26-b1-45-g23770d1d51 (webtiles) character file.

Game seed: 14035623583735655795

122 raceaflais the Bolt Thrower (level 5, 0/46 HPs)
             Began as a Kobold Hunter on Jan 6, 2021.
             Was an Initiate of Trog.
             Killed by divine providence
             ... invoked by an orc priest
              (12 damage)
             ... on level 3 of the Dungeon.
             The game lasted 00:12:32 (2219 turns).

raceaflais the Bolt Thrower (Kobold Hunter)         Turns: 2219, Time: 00:12:32

Health: 0/46       AC: 22    Str:  9    XL:     5   Next: 27%
Magic:  5/5        EV:  3    Int: 12    God:    Trog [......]
Gold:   144        SH:  0    Dex: 17    Spells: 4/4 levels left

rFire    . . .     SeeInvis .   a - +2 hand crossbow
rCold    . . .     Faith    .   (shield restricted)
rNeg     + + +     Spirit   .   (armour currently unavailable)
rPois    +         Reflect  .   (helmet currently unavailable)
rElec    .         Harm     .   (cloak currently unavailable)
rCorr    +         Rampage  .   (gloves currently unavailable)
Will     +....     NoTele   +   (boots currently unavailable)
Stlth    +++.......             (no amulet)
HPRegen  0.15/turn              o - ring of willpower
MPRegen  0.09/turn              q - ring of resist corrosion

@: mighty, tree-form, attractive, very slightly contaminated, invisible
A: small, nightstalker 3
a: Renounce Religion


You were on level 3 of the Dungeon.
You worshipped Trog.
Trog was noncommittal.
You were a tree.
You visited 1 branch of the dungeon, and saw 3 of its levels.

You collected 144 gold pieces.

Inventory:

Hand Weapons
 a - a +2 hand crossbow (weapon)
 b - a +0 short sword
Missiles
 d - 12 bolts (quivered ammo)
 f - 5 poisoned darts (quivered)
 l - 86 stones
 p - 37 arrows
Armour
 c - a +2 leather armour (melded)
Jewellery
 g - an uncursed ring of fire
 o - a ring of willpower (left branch)
 q - a ring of resist corrosion (right branch)
Scrolls
 h - a scroll of identify
 j - a scroll of random uselessness
 k - a scroll of magic mapping {unknown}
Potions
 m - a potion of attraction


   Skills:
 + Level 2.6 Fighting
 + Level 5.9 Crossbows
 + Level 2.1 Throwing
 + Level 0.4 Armour
 + Level 3.5 Dodging
 + Level 2.0 Stealth


You had 4 spell levels left.
You didn't know any spells.
Your spell library was empty.

Dungeon Overview and Level Annotations

Branches:
Dungeon (3/15)

Altars:
Trog


Innate Abilities, Weirdness & Mutations

You are small and have problems with some larger weapons.
You are completely attuned to the shadows.


Message History

Press: ? - help, Q - select action, (/) - cycle Shift-Dir - straight line, f/p - orc priest
Aim: an orc priest (almost dead, very poisoned)
You throw a poisoned dart. The poisoned dart hits the orc priest.
The orc priest looks even sicker.
The orc priest is almost dead.
The orc priest hits you but does no damage.
The orc priest invokes the aid of Beogh against you.
Beogh smites you!
* * * LOW HITPOINT WARNING * * *
The orc priest hits you but does no damage.
There are no items here.
You are too injured to fight recklessly!
Throw: 6 darts (poison)
Press: ? - help, Q - select action, (/) - cycle Shift-Dir - straight line, f/p - orc priest
Aim: an orc priest (almost dead, very poisoned)
You throw a poisoned dart.
The poisoned dart closely misses the orc priest.
The orc priest mumbles some strange prayers to Beogh against you.
Beogh smites you!
You die...

###########
((>o♣.....#
#########=#
######.###
..)........
.....#.####
.###.#.#
######....###
............#
####........#####.#


You could see an orc priest (very poisoned).

Vanquished Creatures
  A worker ant (D:2)
  A gnoll (D:1)
  3 adders (D:2)
  3 worms
  A dart slug (D:2)
  4 leopard geckos
  3 orcs (D:3)
  2 giant cockroaches
  5 goblins
  3 hobgoblins (D:1)
  3 jackals (D:1)
  5 bats
  6 kobolds
  9 rats
49 creatures vanquished.

Notes
Turn   | Place    | Note
-------+----------+-------------------------------------------
     0 | D:1      | raceaflais the Kobold Hunter began the quest for the Orb.
     0 | D:1      | Reached XP level 1. HP: 12/12 MP: 1/1
    60 | D:1      | Reached skill level 5 in Crossbows
   176 | D:1      | Reached XP level 2. HP: 17/17 MP: 2/2
   441 | D:1      | Reached XP level 3. HP: 20/21 MP: 3/3
  1011 | D:2      | Reached skill level 1 in Throwing
  1074 | D:2      | Reached XP level 4. HP: 24/27 MP: 4/4
  1508 | D:2      | Found a bloodstained altar of Trog.
  1513 | D:2      | Became a worshipper of Trog the Wrathful
  1752 | D:2      | Reached XP level 5. HP: 31/31 MP: 5/5
  2219 | D:3      | Killed from afar by an orc priest

Illustrated notes

Levels and vault maps discovered:
D:1:      lemuel_arrival_broad_hall, layout_basic
D:2:      layout_basic, lemuel_doored_altar
D:3:      layout_loops_ring, nicolae_overflow_hidden_temple

Skill      XL: |  1  2  3  4 |
---------------+-------------+-----
Crossbows      | 5 |  5.9
Dodging        | 3 |  3.5
Throwing       | 1 2 |  2.1
Stealth        | 2 |  2.0
Fighting       | |  2.6
Armour         | |  0.4

Action                   |  1- 3 |  4- 6 || total
-------------------------+-------+-------++-------
 Fire: Hand crossbow     |    30 |    63 ||    93
Throw: Dart              |    59 |    29 ||    88
  Use: Scroll            |     6 |     5 ||    11
       Potion            |       |     5 ||     5
Armor: Leather armour    |     6 |    10 ||    16
       Skin              |       |     7 ||     7
Dodge: Dodged            |    39 |    19 ||    58
